[ AOE2 MATCH · #506830606 ]
UnrankedGoths vs Saracens
Player's team · WIN
Rival team · LOSS
[ REPLAY ANALYSIS · EXTRACTED FROM THE RECORDED GAME ]
Feudal
9:49
Castle
25:58
Imperial
42:32
| APM avg | 54.9 |
| APM peak | 96 |
| eAPM avg | 34.4 |
| Villagers / military | 179 / 100 |
Focus
⚔️ 37.1% · 🌾 62.9%
Militia ×42 · Spearman ×30 · Skirmisher ×11 · Monk ×8 · Mangonel ×3 · Battering Ram ×3
Feudal
11:21
Castle
25:21
Imperial
—
| APM avg | 58.0 |
| APM peak | 109 |
| eAPM avg | 28.2 |
| Villagers / military | 71 / 98 |
Focus
⚔️ 48.1% · 🌾 51.9%
Knight ×51 · Skirmisher ×19 · Militia ×11 · Monk ×9 · Mameluke ×5 · Scout Cavalry ×3
Match map
Initial resources + every placement click. Lines = walls · curves = elevation contours. ◆ gold · ⬟ stone · ● berries · ✦ relic · ◌ wall gap
Your base· Open — unwalled flank
flightlessbird's base· Open — 4t gap
Smoothed initial terrain · ◌ = detected wall gap · hover for details
Inputs per minute
— Valle - - flightlessbird
Build order — Valle
First 150 of 483 actions detected
| 0:00 | Create | Villager (Male) |
| 0:01 | Create | Villager (Male) |
| 0:02 | Build | House |
| 0:02 | Create | Villager (Male) |
| 0:03 | Build | House |
| 0:04 | Create | Villager (Male) |
| 1:23 | Create | Villager (Male) |
| 1:49 | Build | Lumber Camp |
| 1:53 | Create | Villager (Male) |
| 2:24 | Create | Villager (Male) |
| 2:24 | Create | Villager (Male) |
| 2:48 | Create | Villager (Male) |
| 2:49 | Create | Villager (Male) |
| 3:04 | Create | Villager (Male) |
| 3:21 | Research | Loom |
| 3:25 | Build | House |
| 3:50 | Create | Villager (Male) |
| 3:50 | Create | Villager (Male) |
| 3:50 | Create | Villager (Male) |
| 4:07 | Build | Palisade Gate |
| 4:14 | Create | Villager (Male) |
| 4:39 | Build | Mill |
| 4:49 | Create | Villager (Male) |
| 5:14 | Build | Palisade Wall |
| 5:16 | Build | Palisade Wall |
| 5:22 | Create | Villager (Male) |
| 5:37 | Create | Villager (Male) |
| 6:05 | Build | House |
| 6:08 | Create | Villager (Male) |
| 6:50 | Create | Villager (Male) |
| 6:56 | Build | Mining Camp |
| 7:39 | Research | Feudal Age |
| 7:39 | Research | Feudal Age |
| 7:43 | Build | Palisade Wall |
| 7:44 | Build | Palisade Wall |
| 7:45 | Build | Palisade Wall |
| 7:54 | Build | Palisade Wall |
| 7:56 | Build | Palisade Wall |
| 8:07 | Build | Palisade Wall |
| 8:19 | Build | Barracks |
| 8:57 | Create | Villager (Male) |
| 8:59 | Build | House |
| 9:02 | Create | Militia |
| 9:02 | Create | Militia |
| 9:18 | Create | Militia |
| 9:49 | Age | Feudal Age |
| 9:55 | Create | Villager (Male) |
| 10:13 | Create | Villager (Male) |
| 10:18 | Research | Man-at-Arms (upgrade) |
| 10:18 | Research | Man-at-Arms (upgrade) |
| 10:22 | Build | Mill |
| 10:31 | Create | Villager (Male) |
| 10:32 | Build | Archery Range |
| 10:50 | Build | Watch Tower |
| 10:55 | Create | Villager (Male) |
| 11:01 | Build | House |
| 11:09 | Create | Archer |
| 11:26 | Build | Palisade Wall |
| 11:26 | Build | Palisade Wall |
| 11:26 | Build | Palisade Wall |
| 11:27 | Build | Palisade Wall |
| 11:27 | Build | Palisade Wall |
| 11:27 | Build | Palisade Wall |
| 11:27 | Build | Palisade Wall |
| 11:28 | Build | Palisade Wall |
| 11:28 | Build | Palisade Wall |
| 11:42 | Build | Palisade Wall |
| 11:44 | Build | Palisade Wall |
| 11:46 | Build | Palisade Wall |
| 11:51 | Create | Archer |
| 11:51 | Create | Villager (Male) |
| 12:01 | Create | Militia |
| 12:11 | Create | Villager (Male) |
| 12:34 | Create | Villager (Male) |
| 12:40 | Create | Militia |
| 12:41 | Create | Villager (Male) |
| 12:45 | Build | Farm |
| 12:48 | Create | Skirmisher |
| 12:52 | Build | House |
| 13:00 | Create | Militia |
| 13:19 | Create | Villager (Male) |
| 13:23 | Build | Farm |
| 13:33 | Build | Farm |
| 13:46 | Create | Villager (Male) |
| 13:49 | Build | Farm |
| 13:57 | Create | Skirmisher |
| 14:10 | Create | Villager (Male) |
| 14:17 | Build | Farm |
| 14:36 | Create | Villager (Male) |
| 14:49 | Build | Mining Camp |
| 14:58 | Create | Villager (Male) |
| 15:04 | Build | House |
| 15:11 | Create | Skirmisher |
| 15:19 | Create | Militia |
| 15:42 | Create | Militia |
| 15:47 | Create | Villager (Male) |
| 15:58 | Create | Skirmisher |
| 16:03 | Build | Lumber Camp |
| 16:09 | Create | Villager (Male) |
| 16:11 | Build | House |
| 16:17 | Build | Farm |
| 16:35 | Create | Skirmisher |
| 16:36 | Create | Villager (Male) |
| 16:40 | Build | Farm |
| 16:52 | Build | Farm |
| 17:03 | Build | House |
| 17:12 | Create | Skirmisher |
| 17:14 | Create | Villager (Male) |
| 17:17 | Research | Town Watch |
| 17:18 | Research | Double-Bit Axe |
| 17:18 | Research | Double-Bit Axe |
| 17:24 | Create | Militia |
| 17:29 | Create | Villager (Male) |
| 17:35 | Build | Farm |
| 17:36 | Create | Villager (Male) |
| 17:47 | Build | House |
| 17:48 | Create | Militia |
| 17:52 | Create | Skirmisher |
| 18:01 | Create | Villager (Male) |
| 18:25 | Build | Blacksmith |
| 18:26 | Create | Militia |
| 18:27 | Create | Skirmisher |
| 18:33 | Create | Villager (Male) |
| 18:47 | Create | Villager (Male) |
| 18:50 | Build | Farm |
| 18:53 | Build | Farm |
| 18:55 | Build | Farm |
| 18:59 | Create | Militia |
| 19:00 | Create | Skirmisher |
| 19:13 | Research | Fletching |
| 19:13 | Research | Fletching |
| 19:18 | Build | Farm |
| 19:22 | Build | House |
| 19:23 | Build | House |
| 19:25 | Build | House |
| 19:27 | Create | Militia |
| 19:30 | Research | Scale Mail Armor |
| 19:30 | Research | Scale Mail Armor |
| 19:40 | Build | Farm |
| 19:43 | Build | House |
| 19:46 | Build | House |
| 19:47 | Create | Villager (Male) |
| 20:06 | Create | Villager (Male) |
| 20:14 | Create | Militia |
| 20:25 | Create | Skirmisher |
| 20:26 | Create | Villager (Male) |
| 20:29 | Build | Farm |
| 20:29 | Build | Farm |
| 20:29 | Build | Farm |
| 20:38 | Create | Militia |
Build order — flightlessbird
First 150 of 284 actions detected
| 0:01 | Create | Villager (Male) |
| 0:01 | Create | Villager (Male) |
| 0:02 | Build | House |
| 0:04 | Build | House |
| 0:04 | Create | Villager (Male) |
| 0:04 | Create | Villager (Male) |
| 1:24 | Create | Villager (Male) |
| 1:53 | Create | Villager (Male) |
| 1:53 | Create | Villager (Male) |
| 2:29 | Create | Villager (Male) |
| 2:29 | Create | Villager (Male) |
| 2:29 | Create | Villager (Male) |
| 2:48 | Build | Barracks |
| 2:51 | Create | Villager (Male) |
| 2:51 | Create | Villager (Male) |
| 2:51 | Create | Villager (Male) |
| 3:20 | Create | Villager (Male) |
| 3:30 | Build | House |
| 3:42 | Create | Villager (Male) |
| 3:47 | Create | Militia |
| 4:04 | Create | Villager (Male) |
| 4:20 | Create | Militia |
| 4:29 | Create | Villager (Male) |
| 4:38 | Build | House |
| 4:42 | Create | Militia |
| 4:56 | Create | Villager (Male) |
| 5:17 | Create | Militia |
| 5:20 | Create | Villager (Male) |
| 5:43 | Create | Villager (Male) |
| 6:06 | Build | House |
| 6:10 | Create | Villager (Male) |
| 6:29 | Create | Villager (Male) |
| 6:31 | Build | Mill |
| 6:55 | Create | Villager (Male) |
| 7:09 | Create | Villager (Male) |
| 7:10 | Build | House |
| 7:41 | Create | Villager (Male) |
| 7:51 | Build | House |
| 8:02 | Create | Villager (Male) |
| 8:21 | Build | Lumber Camp |
| 8:34 | Research | Loom |
| 9:08 | Research | Feudal Age |
| 9:35 | Build | Mining Camp |
| 10:03 | Build | Farm |
| 10:19 | Build | Farm |
| 10:26 | Build | Palisade Wall |
| 10:27 | Create | Militia |
| 10:27 | Create | Militia |
| 10:27 | Create | Militia |
| 10:35 | Build | Palisade Wall |
| 10:37 | Build | Palisade Wall |
| 10:43 | Build | Palisade Wall |
| 11:03 | Create | Militia |
| 11:03 | Create | Militia |
| 11:03 | Create | Militia |
| 11:10 | Build | Palisade Wall |
| 11:20 | Create | Villager (Male) |
| 11:21 | Age | Feudal Age |
| 11:22 | Build | Palisade Wall |
| 11:43 | Research | Man-at-Arms (upgrade) |
| 11:43 | Research | Man-at-Arms (upgrade) |
| 11:43 | Research | Man-at-Arms (upgrade) |
| 11:51 | Create | Villager (Male) |
| 11:53 | Build | Farm |
| 11:55 | Build | Farm |
| 11:57 | Build | Farm |
| 12:11 | Create | Villager (Male) |
| 12:27 | Build | Archery Range |
| 12:30 | Create | Villager (Male) |
| 12:35 | Build | Farm |
| 12:46 | Build | Palisade Wall |
| 12:49 | Create | Villager (Male) |
| 12:53 | Research | Double-Bit Axe |
| 13:08 | Create | Skirmisher |
| 13:08 | Create | Skirmisher |
| 13:11 | Build | Palisade Wall |
| 13:22 | Create | Villager (Male) |
| 13:31 | Create | Skirmisher |
| 13:41 | Create | Villager (Male) |
| 13:44 | Build | House |
| 13:46 | Build | House |
| 13:56 | Create | Villager (Male) |
| 13:58 | Create | Skirmisher |
| 14:12 | Build | Farm |
| 14:24 | Create | Skirmisher |
| 14:35 | Create | Villager (Male) |
| 14:49 | Create | Skirmisher |
| 15:02 | Create | Skirmisher |
| 15:08 | Create | Villager (Male) |
| 15:11 | Build | Mining Camp |
| 15:21 | Create | Skirmisher |
| 15:25 | Build | Blacksmith |
| 15:32 | Create | Skirmisher |
| 15:46 | Create | Villager (Male) |
| 16:01 | Create | Villager (Male) |
| 16:07 | Create | Skirmisher |
| 16:22 | Build | Farm |
| 16:23 | Build | Farm |
| 16:23 | Build | Farm |
| 16:23 | Build | Farm |
| 16:23 | Build | Farm |
| 16:23 | Build | Farm |
| 16:24 | Build | Farm |
| 16:35 | Create | Skirmisher |
| 16:37 | Create | Villager (Male) |
| 16:40 | Build | Farm |
| 16:55 | Create | Skirmisher |
| 16:59 | Create | Villager (Male) |
| 17:20 | Create | Skirmisher |
| 17:27 | Create | Skirmisher |
| 17:28 | Create | Villager (Male) |
| 17:35 | Build | Watch Tower |
| 17:46 | Build | Farm |
| 17:49 | Build | Farm |
| 17:49 | Create | Villager (Male) |
| 17:52 | Build | Farm |
| 17:53 | Build | Farm |
| 17:54 | Build | Farm |
| 17:59 | Build | Farm |
| 18:01 | Build | Farm |
| 18:09 | Create | Villager (Male) |
| 18:12 | Build | Lumber Camp |
| 18:34 | Build | Watch Tower |
| 18:37 | Create | Villager (Male) |
| 18:40 | Research | Fletching |
| 18:40 | Research | Fletching |
| 18:40 | Research | Fletching |
| 18:45 | Build | Farm |
| 18:48 | Build | House |
| 19:00 | Build | Farm |
| 19:19 | Create | Villager (Male) |
| 19:54 | Create | Skirmisher |
| 20:00 | Create | Villager (Male) |
| 20:04 | Create | Skirmisher |
| 20:16 | Create | Skirmisher |
| 20:35 | Create | Villager (Male) |
| 20:44 | Build | House |
| 20:47 | Build | Palisade Wall |
| 20:50 | Build | House |
| 20:55 | Create | Villager (Male) |
| 21:05 | Create | Skirmisher |
| 21:20 | Create | Villager (Male) |
| 21:29 | Create | Villager (Male) |
| 21:35 | Build | Outpost |
| 22:00 | Build | Palisade Wall |
| 22:10 | Create | Villager (Male) |
| 22:31 | Create | Skirmisher |
| 22:41 | Research | Castle Age |
| 22:42 | Build | Stable |
| 22:47 | Create | Militia |
Match timeline
| 2:48 | flightlessbird · first_building Barracks |
| 5:14 | Valle · wall_segment Palisade Wall x1 |
| 5:16 | Valle · wall_segment Palisade Wall x1 |
| 7:43 | Valle · wall_segment Palisade Wall x1 |
| 7:44 | Valle · wall_segment Palisade Wall x1 |
| 7:45 | Valle · wall_segment Palisade Wall x1 |
| 7:54 | Valle · wall_segment Palisade Wall x1 |
| 7:56 | Valle · wall_segment Palisade Wall x1 |
| 8:07 | Valle · wall_segment Palisade Wall x1 |
| 8:19 | Valle · first_building Barracks |
| 9:49 | Valle · age_up feudal |
| 10:26 | flightlessbird · wall_segment Palisade Wall x6 |
| 10:32 | Valle · first_building Archery Range |
| 10:35 | flightlessbird · wall_segment Palisade Wall x1 |
| 10:37 | flightlessbird · wall_segment Palisade Wall x1 |
| 10:43 | flightlessbird · wall_segment Palisade Wall x1 |
| 11:10 | flightlessbird · wall_segment Palisade Wall x10 |
| 11:21 | flightlessbird · age_up feudal |
| 11:22 | flightlessbird · wall_segment Palisade Wall x3 |
| 11:26 | Valle · wall_segment Palisade Wall x1 |
| 11:26 | Valle · wall_segment Palisade Wall x1 |
| 11:26 | Valle · wall_segment Palisade Wall x1 |
| 11:27 | Valle · wall_segment Palisade Wall x1 |
| 11:27 | Valle · wall_segment Palisade Wall x1 |
| 11:27 | Valle · wall_segment Palisade Wall x1 |
| 11:27 | Valle · wall_segment Palisade Wall x1 |
| 11:28 | Valle · wall_segment Palisade Wall x1 |
| 11:28 | Valle · wall_segment Palisade Wall x1 |
| 11:42 | Valle · wall_segment Palisade Wall x1 |
| 11:44 | Valle · wall_segment Palisade Wall x1 |
| 11:46 | Valle · wall_segment Palisade Wall x1 |
| 12:27 | flightlessbird · first_building Archery Range |
| 12:46 | flightlessbird · wall_segment Palisade Wall x1 |
| 13:11 | flightlessbird · wall_segment Palisade Wall x3 |
| 20:47 | flightlessbird · wall_segment Palisade Wall x2 |
| 22:00 | flightlessbird · wall_segment Palisade Wall x1 |
| 22:42 | flightlessbird · first_building Stable |
| 23:17 | Valle · first_market_buy 100 food |
| 24:07 | flightlessbird · wall_segment Palisade Wall x10 |
| 25:03 | Valle · wall_segment Palisade Wall x1 |
| 25:21 | flightlessbird · age_up castle |
| 25:32 | flightlessbird · first_market_buy 100 food |
| 25:58 | Valle · age_up castle |
| 26:02 | Valle · wall_segment Palisade Wall x1 |
| 26:10 | Valle · wall_segment Palisade Wall x1 |
| 26:13 | Valle · wall_segment Palisade Wall x1 |
| 26:27 | flightlessbird · first_market_sell 100 wood |
| 26:32 | flightlessbird · first_building Monastery |
| 26:57 | flightlessbird · wall_segment Palisade Wall x1 |
| 27:09 | Valle · first_building Siege Workshop |
| 27:51 | flightlessbird · wall_segment Palisade Wall x1 |
| 28:28 | Valle · first_building Monastery |
| 29:07 | Valle · first_market_sell 100 wood |
| 29:18 | Valle · wall_segment Palisade Wall x1 |
| 29:41 | Valle · wall_segment Palisade Wall x1 |
| 29:42 | Valle · wall_segment Palisade Wall x1 |
| 29:44 | Valle · wall_segment Palisade Wall x1 |
| 29:47 | Valle · wall_segment Palisade Wall x1 |
| 29:48 | Valle · wall_segment Palisade Wall x1 |
| 29:50 | Valle · wall_segment Palisade Wall x1 |
| 37:22 | flightlessbird · first_building Castle |
| 38:09 | Valle · first_building Castle |
| 42:32 | Valle · age_up imperial |
| 42:39 | flightlessbird · resign |
[ AI ANALYSIS · 1 CREDIT ]
What really happened in this match?
Wolo.gg analyzes every decision: build order, eco, micro, common mistakes by bracket. Personalized analysis on WhatsApp or Discord in 30 seconds.
Civ guide
Goths
Perfil
Jugador #2800609